 Dungeon Crawl Stone Soup version 0.21-a0-509-gecc5317 (webtiles) character file.

777 BingusPrime the Ruffian (level 7, 0/67 HPs)
             Began as a Troll Monk on Nov 30, 2017.
             Slain by Pikel
             ... wielding a +0 whip of electrocution
              (6 damage)
             ... on level 6 of the Dungeon.
             The game lasted 00:17:14 (3897 turns).

BingusPrime the Ruffian (Troll Monk)                Turns: 3897, Time: 00:17:14

Health: 0/67       AC:  7    Str: 20    XL:     7   Next: 54%
Magic:  6/6        EV: 12    Int:  6    God:
Gold:   158        SH:  0    Dex: 14    Spells: 6/6 levels left

rFire    . . .     SeeInvis .   y - +0 dagger (venom)
rCold    . . .     Gourm    +   (no shield)
rNeg     . . .     Faith    .   a - +0 robe
rPois    .         Spirit   .   (helmet restricted)
rElec    .         Reflect  .   A - +1 cloak
rCorr    .         Harm     .   (gloves unavailable)
MR       .....                  (boots unavailable)
Stlth    ++........             (no amulet)
HPRegen  0.61/turn              p - ring of wizardry
MPRegen  0.10/turn              (no ring)

@: no status effects
A: large, unfitting armour, claws 3, fast metabolism 3, gourmand, regeneration
1, shaggy fur 1, tough skin 2
a: no special abilities


You were on level 6 of the Dungeon.
You were full.

You visited 1 branch of the dungeon, and saw 6 of its levels.

You collected 158 gold pieces.

Inventory:

Hand Weapons
 y - a +0 dagger of venom (weapon)
 B - a +0 giant club
Missiles
 z - 154 stones (quivered)
Armour
 a - a +0 robe (worn)
 k - a cursed +0 leather armour
 A - a +1 cloak (worn)
Jewellery
 i - an uncursed amulet of faith {unknown}
 p - a ring of wizardry (left claw)
Wands
 l - a wand of enslavement (14)
 v - a wand of iceblast (10)
Scrolls
 f - 2 scrolls of remove curse
 g - a scroll of identify
 j - a scroll of immolation {unknown}
 n - 3 scrolls of enchant weapon
 r - 2 scrolls of enchant armour {unknown}
 t - a scroll of fog {unknown}
 u - a scroll of teleportation {unknown}
 w - a scroll of fear {unknown}
Potions
 c - a potion of magic
 e - a potion of resistance {unknown}
 m - a potion of degeneration {unknown}
 q - 3 potions of brilliance {unknown}
 s - a potion of cancellation {unknown}
 x - a potion of heal wounds {unknown}
Comestibles
 b - 4 bread rations
 h - a meat ration
 o - a royal jelly


   Skills:
 + Level 3.3 Fighting
 + Level 1.3 Short Blades
 + Level 4.0 Dodging
 + Level 2.1 Stealth
 + Level 6.5 Unarmed Combat


You had 6 spell levels left.
You didn't know any spells.

Dungeon Overview and Level Annotations

Branches:
Dungeon (6/15)
 Temple: D:4-7

Altars:
Uskayaw
Zin

Shops:
D:5 *

Annotations:
D:6 Pikel


Innate Abilities, Weirdness & Mutations

You are too large for most types of armour.
You have claws for hands.
Your metabolism is lightning-fast.
You like to eat raw meat.
Your natural rate of healing is unusually fast.
You are covered in fur. (AC +1)
You have very tough skin. (AC +2)


Message History

You hit Pikel.
Pikel looks as sick as possible!
Pikel is lightly wounded.
Pikel hits you but does no damage.
You are electrocuted!
You hit Pikel but do no damage.
Pikel looks as sick as possible!
Pikel is moderately wounded.
Pikel hits you but does no damage.
You hit Pikel.
Pikel is moderately wounded.
Pikel hits you but does no damage.
You hit Pikel but do no damage.
Pikel looks as sick as possible!
Pikel is moderately wounded.
Pikel hits you with a whip of electrocution!
You are electrocuted!
* * * LOW HITPOINT WARNING * * *
You hit Pikel but do no damage.
Pikel looks as sick as possible!
Pikel is heavily wounded.
You hit Pikel.
Pikel is heavily wounded.
Pikel hits you with a whip of electrocution.
You die... ########## .5..>..K@# ##########

You could see Pikel and a crimson imp.

Vanquished Creatures
  2 ogres (D:5)
  Blork the orc (D:5)
  A bullfrog (D:5)
  A scorpion (D:4)
  An orc priest (D:4)
  An orc wizard (D:4)
  2 centaur skeletons (D:4)
  An iguana (D:6)
  2 worker ants (D:4)
  A hound skeleton (D:4)
  Robin (D:4)
  6 adders
  A gnoll (D:4)
  A shadow imp (D:5)
  5 worms
  2 dart slugs
  12 orcs
  6 giant cockroaches
  19 goblins
  9 hobgoblins
  19 jackals
  2 ball pythons
  7 bats
  5 frilled lizards
  7 kobolds
  7 rats
122 creatures vanquished.

Notes
Turn   | Place    | Note
-------+----------+-------------------------------------------
     0 | D:1      | BingusPrime the Troll Monk began the quest for the Orb.
     0 | D:1      | Reached XP level 1. HP: 22/22 MP: 0/0
   157 | D:1      | Reached XP level 2. HP: 25/29 MP: 1/1
   631 | D:2      | Reached XP level 3. HP: 31/36 MP: 2/2
  1428 | D:3      | Found a glowing silver altar of Zin.
  1524 | D:3      | Reached XP level 4. HP: 44/44 MP: 3/3
  1715 | D:3      | Reached skill level 4 in Unarmed Combat
  2274 | D:4      | Found a hide-covered altar of Uskayaw.
  2314 | D:4      | Reached XP level 5. HP: 47/52 MP: 4/4
  2500 | D:4      | Reached skill level 5 in Unarmed Combat
  2598 | D:4      | Reached XP level 6. HP: 24/59 MP: 5/5
  2859 | D:4      | Noticed Robin
  2887 | D:4      | Killed Robin
  3530 | D:5      | Entered Level 5 of the Dungeon
  3538 | D:5      | Noticed Blork the orc
  3549 | D:5      | Killed Blork the orc
  3612 | D:5      | Reached skill level 6 in Unarmed Combat
  3612 | D:5      | Reached XP level 7. HP: 33/67 MP: 6/6
  3712 | D:5      | Reached skill level 1 in Short Blades
  3751 | D:5      | Noticed Pikel
  3773 | D:5      | Found Naucsais's General Store.
  3897 | D:6      | Slain by Pikel

Vault maps used:
D:1:      dpeg_arrival_renting
D:2:      minmay_misc_feat_tower
D:3:      zin_academy
D:4:      kennysheep_goblin_castle, lemuel_doored_altar, first_bread,
          grunt_tough_drop
D:5:      cheibrodos_barr_body, nicolae_overflow_hidden_temple,
          overflow_temple_1_default, serial_shops, shop,
          small_statue_intersection, minmay_door_square, uniq_edmund,
          uniq_menkaure, uniq_pikel, uniq_blork_the_orc
D:6:      okawaru_metal_pillars_1_2, serial_shops, shop_statue,
          grunt_dithmenos_shadows, uniq_prince_ribbit1, uniq_sigmund

Skill      XL: |  1  2  3  4  5  6  7 |
---------------+----------------------+-----
Unarmed Combat | 4 5 6 |  6.5
Dodging        | 3 4 |  4.0
Stealth        | 2 |  2.1
Fighting       | 3 |  3.3
Short Blades   | 1 |  1.3

Action                   |  1- 3 |  4- 6 |  7- 9 || total
-------------------------+-------+-------+-------++-------
Melee: Unarmed           |   105 |   155 |       ||   260
       Punch             |     1 |     7 |     2 ||    10
       Dagger            |       |    30 |    36 ||    66
  Use: Scroll            |     5 |     7 |       ||    12
       Potion            |       |       |     2 ||     2
 Stab: Sleeping          |     6 |     2 |     1 ||     9
       Distracted        |     1 |       |       ||     1
  Eat: Chunk             |    13 |    21 |       ||    34
       Bread ration      |     1 |       |       ||     1
Armor: Robe              |    47 |    66 |    16 ||   129
Dodge: Dodged            |    57 |   106 |    23 ||   186

Table legend:
 A = Spawn XP
 B = Non-spawn XP
 C = Spawn XP percentage of total XP
 D = Spawn monster count
 E = Non-spawn monster count
 F = Spawn count percentage of total count
 G = Total turns spent on level
                    A         B        C        D         E        F      G
               +---------+---------+-------+---------+---------+-------+---------
         Total |       0 |    1110 |   0.0 |       0 |     122 |   0.0 |  3897
               +---------+---------+-------+---------+---------+-------+---------
           D:1 |       0 |      29 |   0.0 |       0 |      18 |   0.0 |   537
           D:2 |       0 |      43 |   0.0 |       0 |      16 |   0.0 |   712
           D:3 |       0 |      72 |   0.0 |       0 |      32 |   0.0 |   940
           D:4 |       0 |     458 |   0.0 |       0 |      42 |   0.0 |  1341
           D:5 |       0 |     471 |   0.0 |       0 |      13 |   0.0 |   253
           D:6 |       0 |      37 |   0.0 |       0 |       1 |   0.0 |   114
               +---------+---------+-------+---------+---------+-------+---------
